 Dungeon Crawl Stone Soup version 0.16.1-16-gc44b35d (webtiles) character file.

3513 Chiseanne the Unseen (level 9, 0/42 HPs)
             Began as a Spriggan Assassin on Apr 25, 2015.
             Was a Priest of Dithmenos.
             Shot with a bolt by an orc warrior (15 damage)
             ... in a bailey.
             The game lasted 00:29:58 (7377 turns).

Chiseanne the Unseen (Spriggan Assassin)            Turns: 7377, Time: 00:29:58

Health: 0/42       AC:  5    Str:  7    XL:     9   Next: 81%
Magic:  19/22      EV: 30    Int: 13    God:    Dithmenos [***...]
Gold:   101        SH:  0    Dex: 20    Spells: 1 memorised, 6 levels left

rFire  . . .     SeeInvis +     s - +2 short sword (venom)
rCold  . . .     Clarity  .     l - +0 robe
rNeg   . . .     SustAb   .     (shield restricted)
rPois  .         Gourm    .     p - +1 hat
rElec  .         Spirit   .     F - +1 cloak
rCorr  .         Warding  .     (gloves unavailable)
rMut   .         Stasis   .     (boots unavailable)
MR     ++...                    (no amulet)
Stlth  +++++++++.               (no ring)
                                b - ring of protection from magic

@: wreathed by umbra, very quick, very resistant to hostile enchantments,
incredibly stealthy
A: unfitting armour, see invisible, herbivore 3, speed 3, slow metabolism 2
a: Shadow Step, Renounce Religion


You were in a bailey.
You worshipped Dithmenos.
Dithmenos was most pleased with you.
You were not hungry.

You visited 1 branch of the dungeon, and saw 8 of its levels.
You also visited: Bailey.

You collected 227 gold pieces.
You spent 126 gold pieces at shops.

Inventory:

Hand weapons
 a - a +4 dagger of draining
 d - a +2 whip of electrocution
 f - a +2 falchion of holy wrath
 s - a +2 short sword of venom (weapon)
 w - a +0 blowgun
Missiles
 e - 27 poisoned needles
 i - 131 bolts
 q - 4 needles of confusion
 y - 12 poisoned arrows
 z - 31 arrows
 A - 32 sling bullets
 G - a curare-tipped needle
 N - a throwing net (quivered)
Armour
 l - a +0 robe (worn)
 p - a +1 hat (worn)
 F - a +1 cloak (worn)
Jewellery
 b - a ring of protection from magic (left hand)
Magical devices
 D - a wand of confusion (17)
 E - a wand of enslavement (12)
 H - a wand of heal wounds (2)
 K - a wand of enslavement (1)
 L - a wand of confusion (17)
Scrolls
 j - 3 scrolls of remove curse
 k - a scroll of teleportation
 n - 5 scrolls of fog
 r - a scroll of recharging
 v - a scroll of magic mapping
Potions
 c - a potion of mutation
 h - a potion of brilliance {unknown}
 m - 3 potions of might {unknown}
 o - a potion of beneficial mutation {unknown}
 t - 4 potions of curing
 u - a potion of heal wounds {unknown}
 C - a potion of agility {unknown}
 J - a potion of decay {unknown}
 M - a potion of restore abilities {unknown}
 O - a potion of lignification {unknown}
 P - a potion of resistance {unknown}
Books
 x - a book of Geomancy

   Spells                             Type                      Level
   a - Sandblast                      Earth                        1
   b - Stoneskin                      Transmutation/Earth          2
   c - Passwall                       Transmutation/Earth          3
   d - Stone Arrow                    Conjuration/Earth            3
   e - Petrify                        Transmutation/Earth          4
   f - Lee's Rapid Deconstruction     Earth                        5
 B - a book of the Warp

   Spells                             Type                      Level
   a - Recall                         Summoning/Translocation      3
   b - Control Teleport               Charms/Translocation         4
   c - Force Lance                    Conjuration/Translocation    4
   d - Phase Shift                    Translocation                5
   e - Warp Weapon                    Charms/Translocation         5
   f - Gell's Gravitas                Hexes/Translocation          5
   g - Summon Forest                  Summoning/Translocation      5
 I - a Necronomicon {highlevel, unknown}

   This book is beyond your current level of understanding.

   Spells                             Type                      Level
   a - Haunt                          Necromancy/Summoning         7
   b - Borgnjor's Revivification      Necromancy                   8
   c - Death's Door                   Charms/Necromancy            8
   d - Necromutation                  Transmutation/Necromancy     8
Comestibles
 g - 7 bread rations


   Skills:
 - Level 1.7 Fighting
 * Level 3.3 Short Blades
 - Level 2.1 Throwing
 * Level 12.3 Dodging
 * Level 15.4 Stealth
 - Level 5.0 Evocations


You had 6 spell levels left.
You knew the following spells:

 Your Spells              Type           Power        Failure   Level  Hunger
a - Stoneskin             Trmt/Erth      #.......     47%         2    ###....


Dungeon Overview and Level Annotations

Branches:
Dungeon (8/15)             Temple (0/1) D:4
   Lair: D:8-11

Altars:
Cheibriados
Dithmenos
Gozag
Okawaru
Trog
Yredelemnul

Shops:
D:7 *

Annotations:
D:6 trantor's ghost, experienced HEIE


Innate Abilities, Weirdness & Mutations

You are tiny and cannot use many weapons and most armour.
You have supernaturally acute eyesight.
You are a herbivore.
You cover ground extremely quickly.
You need consume almost no food.


Message History

The orc warrior is moderately wounded.
The orc shoots a bolt.
The bolt completely misses you. The orc warrior misses you.
The orc unwields an uncursed enchanted arbalest.
The orc misses you.
You hit the orc.
You kill the orc!
Dithmenos accepts your kill.
The orc warrior wields an uncursed arbalest.
The orc warrior shoots a bolt.
The bolt completely misses you.
You hit the orc but do no damage.
The orc is poisoned.
The orc completely misses you.
You hit the orc but do no damage.
The orc warrior shoots a bolt.
The bolt hits you!!
* * * LOW HITPOINT WARNING * * *
The orc completely misses you.
Drink which item? (? for menu, Esc to quit)
You feel better. The orc completely misses you.
The orc warrior shoots a bolt.
The bolt hits you!
You die...

#..........
##.............
....(.........#
.............# ##
............# ##..
≈≈≈≈.......# #....
#o#≈≈......#
......≈##(##≈......#
......≈)@^()≈......#
......≈##o##≈......#
..... #.#≈≈......#
.... ≈≈≈≈.......#
... ............# .
.............#
..............#
.............# .
........#


You could see an orc warrior and an orc.

Vanquished Creatures
  Pikel (D:5)
  Sigmund (D:5)
  2 sky beasts
  A gnoll sergeant (D:6)
  A water moccasin (D:6)
  2 ice beasts
  3 ogres
  4 orc warriors
  A slave (D:5)
  A black bear (D:6)
  A centaur (D:6)
  Blork the orc (D:7)
  A giant frog (D:6)
  A wyvern skeleton (D:7)
  2 scorpions
  2 orc priests (D:6)
  2 goliath beetles
  3 crimson imps
  A giant frog zombie (D:7)
  2 jellies
  2 hounds
  7 orc wizards
  3 iguanas
  3 worker ants
  A killer bee zombie (D:6)
  A hound skeleton (D:7)
  Robin (D:4)
  15 gnolls
  9 adders
  An adder skeleton (D:4)
  4 giant geckos
  4 oozes
  23 orcs
  5 giant cockroaches
  21 goblins
  10 hobgoblins
  7 jackals
  A quokka (D:4)
  2 ball pythons
  12 bats
  A giant gecko skeleton (D:4)
  A giant gecko zombie (D:7)
  3 giant newts
  20 kobolds
  15 rats
205 creatures vanquished.

Vanquished Creatures (others)
  Edmund (D:5)
  2 slaves (D:5)
  2 giant frogs
  A worker ant zombie (D:5)
  3 gnolls (D:5)
  A kobold (D:5)
  A quokka (D:5)
11 creatures vanquished.

Grand Total: 216 creatures vanquished

Notes
Turn   | Place    | Note
--------------------------------------------------------------
     0 | D:1      | Chiseanne, the Spriggan Assassin, began the quest for the Orb.
     0 | D:1      | Reached XP level 1. HP: 10/10 MP: 2/2
    36 | D:1      | Reached skill level 6 in Stealth
   361 | D:1      | Reached XP level 2. HP: 14/14 MP: 4/4
   942 | D:1      | Reached XP level 3. HP: 18/18 MP: 6/6
   977 | D:2      | Reached skill level 7 in Stealth
  1282 | D:2      | Reached XP level 4. HP: 22/22 MP: 8/8
  1357 | D:2      | Found a snail-covered altar of Cheibriados.
  1503 | D:2      | Found a snail-covered altar of Cheibriados.
  1669 | D:2      | Found a shadowy altar of Dithmenos.
  1740 | D:2      | Became a worshipper of Dithmenos the Shadowed
  1817 | D:3      | Reached skill level 8 in Stealth
  1994 | D:3      | Found an opulent altar of Gozag.
  1994 | D:3      | Found an iron altar of Okawaru.
  2589 | D:3      | Reached XP level 5. HP: 21/25 MP: 10/10
  3216 | D:4      | Reached skill level 9 in Stealth
  3308 | D:4      | Noticed Robin
  3319 | D:4      | Killed Robin
  3535 | D:4      | Found a staircase to the Ecumenical Temple.
  3569 | D:4      | Reached XP level 6. HP: 30/30 MP: 12/12
  3581 | D:4      | Reached skill level 5 in Dodging
  3886 | D:4      | Acquired Dithmenos' first power
  3999 | D:4      | Reached skill level 10 in Stealth
  4328 | D:4      | Found a bloodstained altar of Trog.
  4421 | D:5      | Entered Level 5 of the Dungeon
  4421 | D:5      | Noticed Pikel
  4435 | D:5      | Noticed Edmund
  4446 | D:5      | Killed Pikel
  4446 | D:5      | Reached skill level 11 in Stealth
  4446 | D:5      | Reached XP level 7. HP: 34/34 MP: 13/16
  4466 | D:5      | Noticed Sigmund
  4474 | D:5      | Killed Edmund
  4487 | D:4      | Reached skill level 12 in Stealth
  4487 | D:4      | Reached XP level 8. HP: 38/38 MP: 16/18
  4612 | D:5      | Killed Sigmund
  5181 | D:5      | Learned a level 2 spell: Stoneskin
  5314 | D:6      | Reached skill level 13 in Stealth
  5636 | D:6      | Reached skill level 10 in Dodging
  5636 | D:6      | Reached XP level 9. HP: 26/42 MP: 21/21
  5667 | D:6      | Reached skill level 14 in Stealth
  6008 | D:6      | Noticed trantor's ghost (experienced HEIE)
  6077 | D:6      | Found a basalt altar of Yredelemnul.
  6097 | D:6      | Acquired Dithmenos' second power
  6448 | D:7      | Noticed Blork the orc
  6456 | D:7      | Killed Blork the orc
  6479 | D:7      | Reached skill level 5 in Evocations
  6882 | D:7      | Reached skill level 15 in Stealth
  6924 | D:7      | Found Ojoishrie's General Store.
  6939 | D:7      | Bought a scroll of fog for 28 gold pieces
  6939 | D:7      | Bought a scroll of fog for 28 gold pieces
  6939 | D:7      | Bought a bread ration for 70 gold pieces
  7302 | D:7      | You fall through a shaft!
  7322 | D:8      | Found a flagged portal.
  7331 | Bailey   | Entered a bailey
  7377 | Bailey   | Shot with a bolt by an orc warrior

Action                   |  1- 3 |  4- 6 |  7- 9 || total
-------------------------+-------+-------+-------++-------
Melee: Dagger            |    98 |   145 |   207 ||   450
       Whip              |       |    36 |     8 ||    44
       Short sword       |       |       |    76 ||    76
 Fire: Blowgun           |    11 |    52 |    37 ||   100
Invok: Shadow Step       |       |       |     2 ||     2
Evoke: Wand              |       |       |     9 ||     9
  Use: Scroll            |       |     4 |     9 ||    13
       Potion            |       |       |     1 ||     1
 Stab: Sleeping          |     7 |    15 |    18 ||    40
       Distracted        |       |     5 |     4 ||     9
       Confused          |       |       |     2 ||     2
  Eat: Pizza             |       |     1 |       ||     1
       Fruit             |       |       |     3 ||     3
